Blackhawks vs Bruins
Created - May 5, 2022 at 19:28
Goals
|
Blackhawks |
3 |
0 |
0 |
3 |
Bruins |
0 |
1 |
0 |
1 |
|
Shots
|
Blackhawks |
19 |
13 |
4 |
36 |
Bruins |
17 |
18 |
10 |
45 |
|
1st period
1. Blackhawks , Colby Armstrong 4 (Brett Maclean 9, Nick Bonino 11) at 12:56
2. Blackhawks , Radko Gudas 1 (Jordan Staal 33, Jamie McBain 40) at 13:51 (PP)
3. Blackhawks , Johnny Gaudreau 32 (Jordan Staal 34, Calvin de Haan 14) at 19:51
Penalties :
Jamie McBain (Chi) for Holding Stick (Minor) at 10:33, Torey Krug (Bos) for Hooking (Minor) at 13:43
2nd period
4. Bruins , Jason Demers 5 (Wojtek Wolski 37, Zack Kassian 28) at 1:47
Penalties :
Andrei Kostitsyn (Bos) for Roughing (Minor) at 15:22
3rd period
No Goal
Penalties :
Jason Demers (Bos) for Tripping (Minor) at 4:09, Corey Perry (Chi) for Interference (Minor) at 9:23, Colby Armstrong (Chi) for Hooking (Minor) at 14:24, Josh Manson (Bos) for Holding (Minor) at 17:41
Goalie Stats
Tuukka Rask (Chi), 44 saves from 45 shots - (0.978), W, 21-17-8, 60:00 minutes
Kevin Poulin (Bos), 33 saves from 36 shots - (0.917), L, 30-25-1, 60:00 minutes
Players Stats for Blackhawks
Player Name G A P +/- PIM S H SB GA TA FO MP PP MP PK MP
------------------------------------------------------------------------------------
Alexander Frolov 0 0 0 0 0 1 2 0 0 0 0/0 11:43 0:03 0:59
Antoine Roussel 0 0 0 0 0 1 3 0 0 0 0/0 17:41 2:37 1:10
Blake Wheeler 0 0 0 0 0 2 3 0 0 0 1/2 10:45 0:04 0:00
Brett Maclean 0 1 1 1 0 2 0 0 0 0 0/0 8:34 0:00 0:00
Calvin de Haan 0 1 1 0 0 2 0 1 0 0 0/0 19:42 2:17 2:51
Colby Armstrong 1 0 1 1 2 2 0 0 1 0 0/0 8:51 0:00 0:00
Corey Perry 0 0 0 0 2 3 2 1 1 0 0/1 16:55 2:37 0:28
Derek Roy 0 0 0 0 0 0 2 2 1 0 6/13 18:18 2:37 1:41
Jakob Silfverberg 0 0 0 0 0 0 1 1 1 0 1/3 18:07 3:24 0:00
James Wright 0 0 0 0 0 0 2 0 0 0 2/5 10:29 0:01 0:00
Jamie McBain 0 1 1 0 2 3 0 3 0 1 0/0 28:44 3:48 2:28
Jay Bouwmeester 0 0 0 1 0 0 1 0 1 0 0/0 10:55 0:00 0:00
Johnny Gaudreau 1 0 1 0 0 6 3 0 1 0 0/1 22:02 3:25 3:48
Jordan Staal 0 2 2 0 0 4 1 0 0 0 20/37 21:58 3:27 3:48
Nick Bonino 0 1 1 1 0 4 1 0 0 0 1/3 8:34 0:00 0:00
Radko Gudas 1 0 1 0 0 6 2 0 0 1 0/0 30:06 3:48 3:49
Raphael Diaz 0 0 0 0 0 0 0 0 0 1 0/0 18:59 2:17 2:08
Shane O'Brien 0 0 0 1 0 0 0 1 0 0 0/0 11:37 0:00 0:38
Players Stats for Bruins
Player Name G A P +/- PIM S H SB GA TA FO MP PP MP PK MP
------------------------------------------------------------------------------------
Adam Pelech 0 0 0 -1 0 1 0 2 0 1 0/0 12:31 0:00 1:50
Alex Petrovic 0 0 0 -1 0 1 0 1 0 0 0/0 11:41 0:00 1:00
Andreas Athanasiou 0 0 0 0 0 0 1 0 0 0 0/0 6:22 0:00 0:00
Andrei Kostitsyn 0 0 0 -1 2 3 2 0 0 0 1/1 11:25 0:00 1:08
Casey Cizikas 0 0 0 -1 0 5 1 1 0 0 2/6 11:54 0:00 1:36
Jason Demers 1 0 1 0 2 4 2 2 0 0 0/0 28:50 4:05 2:09
Jonathan Toews 0 0 0 0 0 2 2 2 0 0 17/32 20:54 3:13 1:19
Josh Manson 0 0 0 0 2 0 1 2 0 1 0/0 18:12 1:52 1:46
Kevin Hayes 0 0 0 0 0 5 0 1 1 0 8/16 16:53 2:44 0:00
Kris Chucko 0 0 0 0 0 1 0 2 0 0 0/0 7:07 0:00 0:44
Madison Bowey 0 0 0 0 0 2 2 0 0 0 0/0 20:16 1:52 2:56
Matt Read 0 0 0 -1 0 1 0 0 0 0 0/0 10:10 0:00 0:00
Mikael Backlund 0 0 0 0 0 0 0 0 0 0 1/2 6:21 0:00 0:00
Scott Hartnell 0 0 0 0 0 1 0 0 0 1 0/0 17:56 2:44 1:03
Torey Krug 0 0 0 0 2 5 0 2 1 0 0/0 29:22 4:05 2:29
Victor Oreskovich 0 0 0 0 0 0 2 2 0 0 1/1 16:53 2:44 0:00
Wojtek Wolski 0 1 1 0 0 9 3 0 1 1 3/5 23:32 3:13 3:10
Zack Kassian 0 1 1 0 0 5 2 0 0 2 1/2 23:32 3:13 3:10
3 Stars
1 - Tuukka Rask (Chi)
2 - Johnny Gaudreau (Chi)
3 - Radko Gudas (Chi)
Power Play
Blackhawks - 1 on 4 Attempt(s) - 25.00%
Bruins - 0 on 3 Attempt(s) - 0.00%
Penalty Kill
Blackhawks - 3 on 3 Attempt(s) - 100.00%
- Score 0 goal in Penalty Kill
Bruins - 3 on 4 Attempt(s) - 75.00%
- Score 0 goal in Penalty Kill
Team Stat
Blackhawks - Hits : 23 - Faceoff Wins : 31 - Blocked Shots : 9 - Penalty Minutes : 6
Bruins - Hits : 18 - Faceoff Wins : 34 - Blocked Shots : 17 - Penalty Minutes : 8
Official
Referees : Francis Charron and Chris Rooney
Linesman : Ryan Daisy and Trent Knorr
Game Notes
No Game Note
Finance
Level 1 -- Attendance: 4324 (72.07%) -- Ticket Income $536,176
Level 2 -- Attendance: 3743 (74.86%) -- Ticket Income $280,725
Level 3 -- Attendance: 1486 (74.30%) -- Ticket Income $65,384
Level 4 -- Attendance: 2938 (73.45%) -- Ticket Income $85,202
Luxury Box -- Attendance: 747 (74.70%) -- Ticket Income $163,593
Game was played at the TD Garden.
Total Attendance: 13238 (73.54%)
Total Ticket Income: $1,131,080
Other Income: $169,662
Total Income: $1,300,742
Blackhawks
5 vs 5 Forward
Center Left Wing Right Wing Time % Phy DF OF
1 Jordan Staal Johnny Gaudreau Jakob Silfverberg 40 1 2 2
2 Derek Roy Antoine Roussel Corey Perry 30 1 2 2
3 James Wright Alexander Frolov Blake Wheeler 20 1 2 2
4 Nick Bonino Brett Maclean Colby Armstrong 10 1 2 2
5 vs 5 Defense
Defense Defense Time % Phy DF OF
1 Jamie McBain Radko Gudas 40 1 2 2
2 Raphael Diaz Calvin de Haan 30 1 2 2
3 Shane O'Brien Jay Bouwmeester 20 1 2 2
4 Jamie McBain Radko Gudas 10 1 2 2
PowerPlay Forward
Center Left Wing Right Wing Time % Phy DF OF
1 Jordan Staal Johnny Gaudreau Jakob Silfverberg 60 1 2 2
2 Derek Roy Antoine Roussel Corey Perry 40 1 2 2
PowerPlay Defense
Defense Defense Time % Phy DF OF
1 Jamie McBain Radko Gudas 60 1 2 2
2 Raphael Diaz Calvin de Haan 40 1 2 2
Penalty Kill 4 Players Forward
Center Wing Time % Phy DF OF
1 Jordan Staal Johnny Gaudreau 60 1 2 2
2 Derek Roy Antoine Roussel 40 1 2 2
Penalty Kill 4 Players Defense
Defense Defense Time % Phy DF OF
1 Jamie McBain Radko Gudas 60 1 2 2
2 Raphael Diaz Calvin de Haan 40 1 2 2
Penalty Kill - 3 Players Forward
Forward Time % Phy DF OF
1 Jordan Staal 60 1 2 2
2 Derek Roy 40 1 2 2
Penalty Kill - 3 Players Defense
Defense Defense Time % Phy DF OF
1 Jamie McBain Radko Gudas 60 1 2 2
2 Raphael Diaz Calvin de Haan 40 1 2 2
4 vs 4 Forward
Center Wing Time % Phy DF OF
1 Jordan Staal Johnny Gaudreau 60 1 2 2
2 Derek Roy Antoine Roussel 40 1 2 2
4 vs 4 Defense
Defense Defense Time % Phy DF OF
1 Jamie McBain Radko Gudas 60 1 2 2
2 Raphael Diaz Calvin de Haan 40 1 2 2
Last Minutes Offensive
Center Left Wing Right Wing Defense Defense
Jordan Staal Johnny Gaudreau Jakob Silfverberg Jamie McBain Radko Gudas
Last Minutes Defensive
Center Left Wing Right Wing Defense Defense
Jordan Staal Johnny Gaudreau Jakob Silfverberg Jamie McBain Radko Gudas
Goaltenders
Starting : Tuukka Rask
Backup : Josh Harding
Extra Forwards
Normal : Corey Perry, Derek Roy, Blake Wheeler - PP : Corey Perry, Derek Roy - PK : Corey Perry
Extra Defensemen
Normal : Calvin de Haan, Shane O'Brien, Jay Bouwmeester - PP : Calvin de Haan - PK : Calvin de Haan, Shane O'Brien
Penalty Shots
Johnny Gaudreau, Jakob Silfverberg, Antoine Roussel, Jordan Staal, Corey Perry
Scratches
Matthew Spiller (Healthy), Mike Amadio (Healthy)
Bruins
5 vs 5 Forward
Center Left Wing Right Wing Time % Phy DF OF
1 Jonathan Toews Wojtek Wolski Zack Kassian 40 1 2 2
2 Kevin Hayes Scott Hartnell Victor Oreskovich 30 1 2 2
3 Casey Cizikas Andrei Kostitsyn Matt Read 20 1 2 2
4 Mikael Backlund Kris Chucko Andreas Athanasiou 10 1 2 2
5 vs 5 Defense
Defense Defense Time % Phy DF OF
1 Jason Demers Torey Krug 40 1 2 2
2 Madison Bowey Josh Manson 30 1 2 2
3 Alex Petrovic Adam Pelech 20 1 2 2
4 Jason Demers Torey Krug 10 1 2 2
PowerPlay Forward
Center Left Wing Right Wing Time % Phy DF OF
1 Jonathan Toews Wojtek Wolski Zack Kassian 60 1 2 2
2 Kevin Hayes Scott Hartnell Victor Oreskovich 40 1 2 2
PowerPlay Defense
Defense Defense Time % Phy DF OF
1 Jason Demers Torey Krug 60 1 2 2
2 Madison Bowey Josh Manson 40 1 2 2
Penalty Kill 4 Players Forward
Center Wing Time % Phy DF OF
1 Wojtek Wolski Zack Kassian 60 1 2 2
2 Jonathan Toews Scott Hartnell 40 1 2 2
Penalty Kill 4 Players Defense
Defense Defense Time % Phy DF OF
1 Jason Demers Torey Krug 60 1 2 2
2 Madison Bowey Josh Manson 40 1 2 2
Penalty Kill - 3 Players Forward
Forward Time % Phy DF OF
1 Wojtek Wolski 60 1 2 2
2 Zack Kassian 40 1 2 2
Penalty Kill - 3 Players Defense
Defense Defense Time % Phy DF OF
1 Jason Demers Torey Krug 60 1 2 2
2 Madison Bowey Josh Manson 40 1 2 2
4 vs 4 Forward
Center Wing Time % Phy DF OF
1 Wojtek Wolski Zack Kassian 60 1 2 2
2 Jonathan Toews Scott Hartnell 40 1 2 2
4 vs 4 Defense
Defense Defense Time % Phy DF OF
1 Jason Demers Torey Krug 60 1 2 2
2 Madison Bowey Josh Manson 40 1 2 2
Last Minutes Offensive
Center Left Wing Right Wing Defense Defense
Jonathan Toews Wojtek Wolski Zack Kassian Jason Demers Torey Krug
Last Minutes Defensive
Center Left Wing Right Wing Defense Defense
Jonathan Toews Wojtek Wolski Zack Kassian Jason Demers Torey Krug
Goaltenders
Starting : Kevin Poulin
Backup : Antti Niemi
Extra Forwards
Normal : Andrei Kostitsyn, Matt Read, Casey Cizikas - PP : Andrei Kostitsyn, Matt Read - PK : Casey Cizikas
Extra Defensemen
Normal : Alex Petrovic, Adam Pelech, Madison Bowey - PP : Alex Petrovic - PK : Adam Pelech, Madison Bowey
Penalty Shots
Wojtek Wolski, Zack Kassian, Jonathan Toews, Scott Hartnell, Kevin Hayes
Scratches
Brendan Smith (Strained Groin Injury), Brett Kulak (Healthy)
% Time on Ice - Blackhawks
Lines # - Real PCT - Wanted PCT - Time Play
Normal Forward
1 - 32% - 40% - 15:08
2 - 29% - 30% - 13:54
3 - 22% - 20% - 10:22
4 - 18% - 10% - 8:34
Normal Defense
1 - 39% - 40% - 18:44
2 - 30% - 30% - 14:34
3 - 23% - 20% - 10:55
4 - 8% - 10% - 3:45
PP Forward
1 - 57% - 60% - 3:28
2 - 43% - 40% - 2:37
PP Defense
1 - 62% - 60% - 3:48
2 - 38% - 40% - 2:17
PK Forward
1 - 80% - 60% - 4:47
2 - 20% - 40% - 1:10
PK Defense
1 - 64% - 60% - 3:49
2 - 36% - 40% - 2:08
PK3 Forward
1 - 0% - 60%
2 - 0% - 40%
PK3 Defense
1 - 0% - 60%
2 - 0% - 40%
44 Forward
1 - 0% - 60%
2 - 0% - 40%
44 Defense
1 - 0% - 60%
2 - 0% - 40%
Last Minute Offensive - 0:00
Last Minute Defensive - 0:00
Total
Forward - 60:00
Defense - 60:00
|
% Time on Ice - Bruins
Lines # - Real PCT - Wanted PCT - Time Play
Normal Forward
1 - 36% - 40% - 17:19
2 - 29% - 30% - 14:09
3 - 21% - 20% - 10:09
4 - 13% - 10% - 6:21
Normal Defense
1 - 41% - 40% - 19:41
2 - 30% - 30% - 14:28
3 - 22% - 20% - 10:41
4 - 7% - 10% - 3:08
PP Forward
1 - 54% - 60% - 3:13
2 - 46% - 40% - 2:44
PP Defense
1 - 69% - 60% - 4:05
2 - 31% - 40% - 1:52
PK Forward
1 - 83% - 60% - 5:02
2 - 17% - 40% - 1:03
PK Defense
1 - 57% - 60% - 3:29
2 - 43% - 40% - 2:36
PK3 Forward
1 - 0% - 60%
2 - 0% - 40%
PK3 Defense
1 - 0% - 60%
2 - 0% - 40%
44 Forward
1 - 0% - 60%
2 - 0% - 40%
44 Defense
1 - 0% - 60%
2 - 0% - 40%
Last Minute Offensive - 0:00
Last Minute Defensive - 0:00
Total
Forward - 60:00
Defense - 60:00
|
Play-by-Play
1st period
0:01 of 1st period - Jonathan Toews wins face-off versus Jordan Staal in neutral zone.
0:12 of 1st period - Snap shot by Jakob Silfverberg.
0:12 of 1st period - Shot Blocked by Jonathan Toews.
0:14 of 1st period - Wrist shot by Radko Gudas.
0:14 of 1st period - Shot Misses the Net.
0:51 of 1st period - Icing by Corey Perry.
0:52 of 1st period - Kevin Hayes wins face-off versus Derek Roy in Blackhawks zone.
0:53 of 1st period - Wrist shot by Victor Oreskovich.
0:53 of 1st period - Shot Misses the Net.
1:31 of 1st period - Snap shot by Casey Cizikas.
1:31 of 1st period - Stopped by Tuukka Rask with a rebound.
1:49 of 1st period - Snap shot by Kris Chucko.
1:49 of 1st period - Stopped by Tuukka Rask with a rebound.
2:26 of 1st period - Slapshot by Corey Perry.
2:26 of 1st period - Stopped by Kevin Poulin without a rebound.
2:27 of 1st period - Jonathan Toews wins face-off versus Derek Roy in Bruins zone.
2:40 of 1st period - Snap shot by Jonathan Toews.
2:40 of 1st period - Shot Misses the Net.
2:46 of 1st period - Snap shot by Jonathan Toews.
2:46 of 1st period - Shot Blocked by Derek Roy.
2:48 of 1st period - Snap shot by Wojtek Wolski.
2:48 of 1st period - Stopped by Tuukka Rask with a rebound.
2:56 of 1st period - Wojtek Wolski is hit by Derek Roy and loses puck.
3:07 of 1st period - Slapshot by Jamie McBain.
3:07 of 1st period - Shot Misses the Net.
3:09 of 1st period - Slapshot by Jamie McBain.
3:09 of 1st period - Shot Blocked by Adam Pelech.
3:11 of 1st period - Wrist shot by Radko Gudas.
3:11 of 1st period - Stopped by Kevin Poulin with a rebound.
3:25 of 1st period - Wrist shot by Derek Roy.
3:25 of 1st period - Shot Misses the Net.
3:27 of 1st period - Slapshot by Jamie McBain.
3:27 of 1st period - Stopped by Kevin Poulin with a rebound.
3:29 of 1st period - Wrist shot by Antoine Roussel.
3:29 of 1st period - Shot Misses the Net.
3:31 of 1st period - Slapshot by Jamie McBain.
3:31 of 1st period - Deflect By Jonathan Toews.
3:31 of 1st period - Stopped by Kevin Poulin with a rebound.
3:41 of 1st period - Jamie McBain is hit by Wojtek Wolski.
4:01 of 1st period - Wrist shot by Derek Roy.
4:01 of 1st period - Shot Misses the Net.
4:03 of 1st period - Slapshot by Radko Gudas.
4:03 of 1st period - Stopped by Kevin Poulin without a rebound.
4:04 of 1st period - Jordan Staal wins face-off versus Kevin Hayes in Bruins zone.
4:38 of 1st period - Snap shot by Alexander Frolov.
4:38 of 1st period - Stopped by Kevin Poulin with a rebound.
4:40 of 1st period - Snap shot by Calvin de Haan.
4:40 of 1st period - Shot Misses the Net.
5:30 of 1st period - Casey Cizikas is hit by Blake Wheeler and loses puck.
6:39 of 1st period - Torey Krug is hit by Blake Wheeler and loses puck.
7:42 of 1st period - Jordan Staal is hit by Zack Kassian and loses puck.
7:57 of 1st period - Alexander Frolov is hit by Andrei Kostitsyn and loses puck.
8:10 of 1st period - Scott Hartnell is hit by Corey Perry and loses puck.
8:51 of 1st period - Snap shot by Blake Wheeler.
8:51 of 1st period - Deflect By Alexander Frolov.
8:51 of 1st period - Shot Misses the Net.
8:51 of 1st period - Puck is out of play.
8:52 of 1st period - Andrei Kostitsyn wins face-off versus Blake Wheeler in Bruins zone.
8:52 of 1st period - Andrei Kostitsyn is hit by Alexander Frolov.
9:00 of 1st period - Wrist shot by Blake Wheeler.
9:00 of 1st period - Shot Misses the Net.
9:02 of 1st period - Slapshot by Radko Gudas.
9:02 of 1st period - Stopped by Kevin Poulin with a rebound.
9:04 of 1st period - Snap shot by Blake Wheeler.
9:04 of 1st period - Stopped by Kevin Poulin without a rebound.
9:05 of 1st period - Victor Oreskovich wins face-off versus Jordan Staal in Bruins zone.
9:10 of 1st period - Slapshot by Jason Demers.
9:10 of 1st period - Stopped by Tuukka Rask without a rebound.
9:11 of 1st period - Jordan Staal wins face-off versus Kevin Hayes in Blackhawks zone.
9:51 of 1st period - Snap shot by Victor Oreskovich.
9:51 of 1st period - Shot Misses the Net.
9:53 of 1st period - Slapshot by Jason Demers.
9:53 of 1st period - Stopped by Tuukka Rask with a rebound.
9:55 of 1st period - Slapshot by Kevin Hayes.
9:55 of 1st period - Stopped by Tuukka Rask with a rebound.
9:57 of 1st period - Wrist shot by Victor Oreskovich.
9:57 of 1st period - Shot Misses the Net.
9:59 of 1st period - Slapshot by Kevin Hayes.
9:59 of 1st period - Stopped by Tuukka Rask with a rebound.
10:01 of 1st period - Backhand shot by Torey Krug.
10:01 of 1st period - Shot Misses the Net.
10:05 of 1st period - Snap shot by Kevin Hayes.
10:05 of 1st period - Stopped by Tuukka Rask without a rebound.
10:06 of 1st period - Jonathan Toews wins face-off versus Derek Roy in Blackhawks zone.
10:07 of 1st period - Wrist shot by Zack Kassian.
10:07 of 1st period - Shot Misses the Net.
10:09 of 1st period - Snap shot by Wojtek Wolski.
10:09 of 1st period - Stopped by Tuukka Rask without a rebound.
10:10 of 1st period - Jonathan Toews wins face-off versus Derek Roy in Blackhawks zone.
10:25 of 1st period - Wrist shot by Wojtek Wolski.
10:25 of 1st period - Shot Blocked by Corey Perry.
10:27 of 1st period - Slapshot by Zack Kassian.
10:27 of 1st period - Stopped by Tuukka Rask with a rebound.
10:33 of 1st period - Minor Penalty to Jamie McBain for Holding Stick.
10:34 of 1st period - Jordan Staal wins face-off versus Jonathan Toews in Blackhawks zone.
10:47 of 1st period - Wrist shot by Wojtek Wolski.
10:47 of 1st period - Stopped by Tuukka Rask without a rebound.
10:48 of 1st period - Jordan Staal wins face-off versus Jonathan Toews in Blackhawks zone.
10:53 of 1st period - Torey Krug is hit by Radko Gudas and loses puck.
11:34 of 1st period - Jonathan Toews is hit by Johnny Gaudreau and loses puck.
12:33 of 1st period - Penalty to Jamie McBain is over, Jamie McBain is back on ice.
12:42 of 1st period - Snap shot by Casey Cizikas.
12:42 of 1st period - Stopped by Tuukka Rask without a rebound.
12:43 of 1st period - Nick Bonino wins face-off versus Casey Cizikas in Blackhawks zone.
12:56 of 1st period - Slapshot by Colby Armstrong.
12:56 of 1st period - Goal by Colby Armstrong - Blackhawks : 1 - Bruins : 0.
12:57 of 1st period - Jordan Staal wins face-off versus Jonathan Toews in neutral zone.
13:24 of 1st period - Kevin Hayes is hit by Antoine Roussel and loses puck.
13:43 of 1st period - Minor Penalty to Torey Krug for Hooking.
13:44 of 1st period - Jordan Staal wins face-off versus Wojtek Wolski in Bruins zone.
13:45 of 1st period - Wrist shot by Johnny Gaudreau.
13:45 of 1st period - Stopped by Kevin Poulin with a rebound.
13:47 of 1st period - Slapshot by Jamie McBain.
13:47 of 1st period - Stopped by Kevin Poulin with a rebound.
13:49 of 1st period - Snap shot by Jordan Staal.
13:49 of 1st period - Stopped by Kevin Poulin with a rebound.
13:51 of 1st period - Backhand shot by Radko Gudas.
13:51 of 1st period - Goal by Radko Gudas - Blackhawks : 2 - Bruins : 0.
13:52 of 1st period - Jonathan Toews wins face-off versus Jordan Staal in neutral zone.
13:57 of 1st period - Wrist shot by Wojtek Wolski.
13:57 of 1st period - Stopped by Tuukka Rask with a rebound.
14:00 of 1st period - Icing by Jakob Silfverberg.
14:01 of 1st period - Zack Kassian wins face-off versus Jordan Staal in Blackhawks zone.
14:04 of 1st period - Snap shot by Jonathan Toews.
14:04 of 1st period - Shot Misses the Net.
14:19 of 1st period - Wojtek Wolski is hit by Jordan Staal and loses puck.
14:44 of 1st period - Slapshot by Jonathan Toews.
14:44 of 1st period - Stopped by Tuukka Rask with a rebound.
15:12 of 1st period - Slapshot by Jakob Silfverberg.
15:12 of 1st period - Shot Blocked by Jason Demers.
15:14 of 1st period - Snap shot by Radko Gudas.
15:14 of 1st period - Stopped by Kevin Poulin without a rebound.
15:15 of 1st period - Derek Roy wins face-off versus Kevin Hayes in Bruins zone.
15:18 of 1st period - Snap shot by Corey Perry.
15:18 of 1st period - Stopped by Kevin Poulin with a rebound.
15:20 of 1st period - Snap shot by Derek Roy.
15:20 of 1st period - Shot Misses the Net.
15:22 of 1st period - Wrist shot by Antoine Roussel.
15:22 of 1st period - Stopped by Kevin Poulin with a rebound.
15:42 of 1st period - Alexander Frolov is hit by Andrei Kostitsyn.
16:12 of 1st period - Slapshot by Brett Maclean.
16:12 of 1st period - Stopped by Kevin Poulin with a rebound.
16:29 of 1st period - Off-side.
16:30 of 1st period - Kevin Hayes wins face-off versus Derek Roy in neutral zone.
17:23 of 1st period - Jason Demers is hit by Johnny Gaudreau and loses puck.
17:58 of 1st period - Slapshot by Nick Bonino.
17:58 of 1st period - Shot Blocked by Kris Chucko.
18:00 of 1st period - Wrist shot by Nick Bonino.
18:00 of 1st period - Shot Misses the Net.
18:12 of 1st period - Backhand shot by Radko Gudas.
18:12 of 1st period - Shot Misses the Net.
18:14 of 1st period - Slapshot by Antoine Roussel.
18:14 of 1st period - Deflect By Corey Perry.
18:14 of 1st period - Shot Misses the Net.
18:14 of 1st period - Puck is out of play.
18:15 of 1st period - Derek Roy wins face-off versus Kevin Hayes in Bruins zone.
18:30 of 1st period - Snap shot by Derek Roy.
18:30 of 1st period - Shot Blocked by Alex Petrovic.
18:36 of 1st period - Wrist shot by Kevin Hayes.
18:36 of 1st period - Shot Misses the Net.
19:14 of 1st period - Slapshot by Derek Roy.
19:14 of 1st period - Shot Blocked by Victor Oreskovich.
19:16 of 1st period - Slapshot by Corey Perry.
19:16 of 1st period - Shot Blocked by Adam Pelech.
19:18 of 1st period - Slapshot by Jay Bouwmeester.
19:18 of 1st period - Shot Misses the Net.
19:20 of 1st period - Snap shot by Derek Roy.
19:20 of 1st period - Shot Misses the Net.
19:33 of 1st period - Wrist shot by Kevin Hayes.
19:33 of 1st period - Shot Misses the Net.
19:35 of 1st period - Backhand shot by Scott Hartnell.
19:35 of 1st period - Shot Blocked by Shane O'Brien.
19:37 of 1st period - Slapshot by Alex Petrovic.
19:37 of 1st period - Stopped by Tuukka Rask with a rebound.
19:39 of 1st period - Slapshot by Adam Pelech.
19:39 of 1st period - Stopped by Tuukka Rask without a rebound.
19:40 of 1st period - Jonathan Toews wins face-off versus Jordan Staal in Blackhawks zone.
19:41 of 1st period - Slapshot by Wojtek Wolski.
19:41 of 1st period - Stopped by Tuukka Rask with a rebound.
19:51 of 1st period - Snap shot by Johnny Gaudreau.
19:51 of 1st period - Goal by Johnny Gaudreau - Blackhawks : 3 - Bruins : 0.
19:52 of 1st period - Jordan Staal wins face-off versus Jonathan Toews in neutral zone.
19:59 of 1st period - Snap shot by Johnny Gaudreau.
19:59 of 1st period - Stopped by Kevin Poulin without a rebound.
Goals for this period are 3 for Blackhawks vs 0 for Bruins.
Shots for this period are 19 for Blackhawks vs 17 for Bruins.
2nd period
0:01 of 2nd period - Jordan Staal wins face-off versus Jonathan Toews in neutral zone.
0:08 of 2nd period - Snap shot by Jordan Staal.
0:08 of 2nd period - Shot Misses the Net.
0:45 of 2nd period - Slapshot by Torey Krug.
0:45 of 2nd period - Stopped by Tuukka Rask without a rebound.
0:46 of 2nd period - Kevin Hayes wins face-off versus Derek Roy in Blackhawks zone.
0:47 of 2nd period - Snap shot by Victor Oreskovich.
0:47 of 2nd period - Shot Misses the Net.
0:56 of 2nd period - Icing by Derek Roy.
0:57 of 2nd period - Jonathan Toews wins face-off versus Corey Perry in Blackhawks zone.
1:10 of 2nd period - Radko Gudas is hit by Jonathan Toews.
1:18 of 2nd period - Snap shot by Corey Perry.
1:18 of 2nd period - Shot Blocked by Josh Manson.
1:24 of 2nd period - Jamie McBain is hit by Josh Manson and loses puck.
1:33 of 2nd period - Slapshot by Corey Perry.
1:33 of 2nd period - Stopped by Kevin Poulin without a rebound.
1:34 of 2nd period - Jonathan Toews wins face-off versus Jordan Staal in Bruins zone.
1:45 of 2nd period - Snap shot by Wojtek Wolski.
1:45 of 2nd period - Stopped by Tuukka Rask with a rebound.
1:47 of 2nd period - Slapshot by Jason Demers.
1:47 of 2nd period - Goal by Jason Demers - Blackhawks : 3 - Bruins : 1.
1:48 of 2nd period - Jordan Staal wins face-off versus Jonathan Toews in neutral zone.
1:57 of 2nd period - Wrist shot by Jordan Staal.
1:57 of 2nd period - Deflect By Jakob Silfverberg.
1:57 of 2nd period - Shot Blocked by Torey Krug.
1:57 of 2nd period - Puck is out of play.
1:58 of 2nd period - Jonathan Toews wins face-off versus Jordan Staal in Bruins zone.
1:58 of 2nd period - Jonathan Toews is hit by Radko Gudas.
2:36 of 2nd period - Snap shot by Wojtek Wolski.
2:36 of 2nd period - Stopped by Tuukka Rask with a rebound.
2:38 of 2nd period - Snap shot by Jonathan Toews.
2:38 of 2nd period - Stopped by Tuukka Rask with a rebound.
2:40 of 2nd period - Wrist shot by Zack Kassian.
2:40 of 2nd period - Stopped by Tuukka Rask without a rebound.
2:41 of 2nd period - Casey Cizikas wins face-off versus James Wright in Blackhawks zone.
2:46 of 2nd period - Snap shot by Andrei Kostitsyn.
2:46 of 2nd period - Shot Misses the Net.
2:48 of 2nd period - Slapshot by Madison Bowey.
2:48 of 2nd period - Deflect By Calvin de Haan.
2:48 of 2nd period - Stopped by Tuukka Rask with a rebound.
2:50 of 2nd period - Wrist shot by Madison Bowey.
2:50 of 2nd period - Deflect By Blake Wheeler.
2:50 of 2nd period - Stopped by Tuukka Rask without a rebound.
2:51 of 2nd period - James Wright wins face-off versus Casey Cizikas in Blackhawks zone.
2:58 of 2nd period - Wrist shot by James Wright.
2:58 of 2nd period - Deflect By Blake Wheeler.
2:58 of 2nd period - Stopped by Kevin Poulin with a rebound.
3:22 of 2nd period - Casey Cizikas is hit by Alexander Frolov and loses puck.
3:31 of 2nd period - Snap shot by Andrei Kostitsyn.
3:31 of 2nd period - Stopped by Tuukka Rask without a rebound.
3:32 of 2nd period - Wojtek Wolski wins face-off versus Jakob Silfverberg in Blackhawks zone.
4:23 of 2nd period - Slapshot by Jamie McBain.
4:23 of 2nd period - Shot Misses the Net.
4:25 of 2nd period - Wrist shot by Colby Armstrong.
4:25 of 2nd period - Stopped by Kevin Poulin without a rebound.
4:26 of 2nd period - Jonathan Toews wins face-off versus Nick Bonino in Bruins zone.
4:44 of 2nd period - Snap shot by Brett Maclean.
4:44 of 2nd period - Shot Misses the Net.
5:25 of 2nd period - Snap shot by Wojtek Wolski.
5:25 of 2nd period - Stopped by Tuukka Rask without a rebound.
5:26 of 2nd period - Kevin Hayes wins face-off versus Jakob Silfverberg in Blackhawks zone.
5:31 of 2nd period - Backhand shot by Victor Oreskovich.
5:31 of 2nd period - Shot Blocked by Jamie McBain.
5:33 of 2nd period - Snap shot by Torey Krug.
5:33 of 2nd period - Stopped by Tuukka Rask without a rebound.
5:34 of 2nd period - Jordan Staal wins face-off versus Kevin Hayes in Blackhawks zone.
6:01 of 2nd period - Slapshot by Torey Krug.
6:01 of 2nd period - Shot Misses the Net.
6:03 of 2nd period - Wrist shot by Andreas Athanasiou.
6:03 of 2nd period - Shot Blocked by Jamie McBain.
6:29 of 2nd period - Wrist shot by Alexander Frolov.
6:29 of 2nd period - Shot Blocked by Josh Manson.
6:31 of 2nd period - Slapshot by Radko Gudas.
6:31 of 2nd period - Stopped by Kevin Poulin without a rebound.
6:32 of 2nd period - Derek Roy wins face-off versus Jonathan Toews in Bruins zone.
7:32 of 2nd period - Snap shot by Victor Oreskovich.
7:32 of 2nd period - Shot Misses the Net.
7:46 of 2nd period - Snap shot by Andrei Kostitsyn.
7:46 of 2nd period - Stopped by Tuukka Rask with a rebound.
8:14 of 2nd period - Slapshot by Zack Kassian.
8:14 of 2nd period - Stopped by Tuukka Rask without a rebound.
8:15 of 2nd period - Jordan Staal wins face-off versus Casey Cizikas in Blackhawks zone.
9:16 of 2nd period - Icing by Wojtek Wolski.
9:17 of 2nd period - Jordan Staal wins face-off versus Jonathan Toews in Bruins zone.
9:22 of 2nd period - Snap shot by Jordan Staal.
9:22 of 2nd period - Stopped by Kevin Poulin without a rebound.
9:23 of 2nd period - Jordan Staal wins face-off versus Kevin Hayes in Bruins zone.
9:24 of 2nd period - Wrist shot by Johnny Gaudreau.
9:24 of 2nd period - Stopped by Kevin Poulin with a rebound.
9:26 of 2nd period - Wrist shot by Jordan Staal.
9:26 of 2nd period - Shot Blocked by Victor Oreskovich.
9:50 of 2nd period - Corey Perry is hit by Jason Demers and loses puck.
10:18 of 2nd period - Raphael Diaz is hit by Andreas Athanasiou and loses puck.
10:38 of 2nd period - Snap shot by Brett Maclean.
10:38 of 2nd period - Shot Misses the Net.
10:40 of 2nd period - Slapshot by Nick Bonino.
10:40 of 2nd period - Stopped by Kevin Poulin without a rebound.
10:41 of 2nd period - Jonathan Toews wins face-off versus Jordan Staal in Bruins zone.
10:50 of 2nd period - Wrist shot by Wojtek Wolski.
10:50 of 2nd period - Stopped by Tuukka Rask without a rebound.
10:51 of 2nd period - Jakob Silfverberg wins face-off versus Jonathan Toews in Blackhawks zone.
11:16 of 2nd period - Slapshot by Zack Kassian.
11:16 of 2nd period - Shot Misses the Net.
11:34 of 2nd period - Wrist shot by Jordan Staal.
11:34 of 2nd period - Stopped by Kevin Poulin with a rebound.
11:38 of 2nd period - Snap shot by Johnny Gaudreau.
11:38 of 2nd period - Stopped by Kevin Poulin without a rebound.
11:39 of 2nd period - Kevin Hayes wins face-off versus Derek Roy in Bruins zone.
11:51 of 2nd period - Wrist shot by Kevin Hayes.
11:51 of 2nd period - Shot Blocked by Derek Roy.
11:53 of 2nd period - Slapshot by Scott Hartnell.
11:53 of 2nd period - Shot Misses the Net.
12:02 of 2nd period - Icing by Derek Roy.
12:03 of 2nd period - James Wright wins face-off versus Casey Cizikas in Blackhawks zone.
12:16 of 2nd period - Slapshot by Torey Krug.
12:16 of 2nd period - Stopped by Tuukka Rask without a rebound.
12:17 of 2nd period - Jordan Staal wins face-off versus Jonathan Toews in Blackhawks zone.
12:17 of 2nd period - Jordan Staal is hit by Wojtek Wolski.
12:27 of 2nd period - Backhand shot by Johnny Gaudreau.
12:27 of 2nd period - Stopped by Kevin Poulin with a rebound.
12:29 of 2nd period - Slapshot by Radko Gudas.
12:29 of 2nd period - Shot Blocked by Jason Demers.
12:43 of 2nd period - Jonathan Toews is hit by James Wright and loses puck.
13:12 of 2nd period - Snap shot by Kevin Hayes.
13:12 of 2nd period - Stopped by Tuukka Rask without a rebound.
13:13 of 2nd period - Jordan Staal wins face-off versus Kevin Hayes in Blackhawks zone.
13:28 of 2nd period - Johnny Gaudreau is hit by Victor Oreskovich and loses puck.
14:01 of 2nd period - Slapshot by Calvin de Haan.
14:01 of 2nd period - Stopped by Kevin Poulin without a rebound.
14:02 of 2nd period - Blake Wheeler wins face-off versus Mikael Backlund in Bruins zone.
14:27 of 2nd period - Snap shot by Wojtek Wolski.
14:27 of 2nd period - Shot Misses the Net.
14:37 of 2nd period - Wrist shot by Jordan Staal.
14:37 of 2nd period - Stopped by Kevin Poulin with a rebound.
14:53 of 2nd period - Victor Oreskovich is hit by Antoine Roussel and loses puck.
15:13 of 2nd period - Off-side.
15:14 of 2nd period - Casey Cizikas wins face-off versus Jordan Staal in neutral zone.
15:22 of 2nd period - Minor Penalty to Andrei Kostitsyn for Roughing.
15:23 of 2nd period - Jordan Staal wins face-off versus Wojtek Wolski in Bruins zone.
16:24 of 2nd period - Slapshot by Jason Demers.
16:24 of 2nd period - Shot Misses the Net.
16:30 of 2nd period - Slapshot by Casey Cizikas.
16:30 of 2nd period - Stopped by Tuukka Rask without a rebound.
16:31 of 2nd period - Wojtek Wolski wins face-off versus Jordan Staal in Blackhawks zone.
16:52 of 2nd period - Scott Hartnell is hit by Derek Roy and loses puck.
17:22 of 2nd period - Penalty to Andrei Kostitsyn is over, Andrei Kostitsyn is back on ice.
17:31 of 2nd period - Snap shot by Kevin Hayes.
17:31 of 2nd period - Shot Blocked by Calvin de Haan.
17:33 of 2nd period - Slapshot by Scott Hartnell.
17:33 of 2nd period - Stopped by Tuukka Rask with a rebound.
17:51 of 2nd period - Slapshot by Calvin de Haan.
17:51 of 2nd period - Deflect By Alex Petrovic.
17:51 of 2nd period - Stopped by Kevin Poulin with a rebound.
18:17 of 2nd period - Icing by Antoine Roussel.
18:18 of 2nd period - Derek Roy wins face-off versus Jonathan Toews in Blackhawks zone.
18:18 of 2nd period - Derek Roy is hit by Jonathan Toews.
19:19 of 2nd period - Antoine Roussel is hit by Jason Demers and loses puck.
19:58 of 2nd period - Icing by Madison Bowey.
19:59 of 2nd period - Jordan Staal wins face-off versus Jonathan Toews in Bruins zone.
Goals for this period are 0 for Blackhawks vs 1 for Bruins.
Shots for this period are 13 for Blackhawks vs 18 for Bruins.
3rd period
0:01 of 3rd period - Jonathan Toews wins face-off versus Jordan Staal in neutral zone.
1:14 of 3rd period - Snap shot by Nick Bonino.
1:14 of 3rd period - Shot Misses the Net.
1:16 of 3rd period - Wrist shot by Colby Armstrong.
1:16 of 3rd period - Shot Blocked by Kris Chucko.
1:18 of 3rd period - Wrist shot by Nick Bonino.
1:18 of 3rd period - Stopped by Kevin Poulin with a rebound.
1:48 of 3rd period - Jonathan Toews is hit by James Wright and loses puck.
2:21 of 3rd period - Snap shot by Casey Cizikas.
2:21 of 3rd period - Stopped by Tuukka Rask without a rebound.
2:22 of 3rd period - Jordan Staal wins face-off versus Jonathan Toews in Blackhawks zone.
2:26 of 3rd period - Off-side.
2:27 of 3rd period - Jonathan Toews wins face-off versus Jordan Staal in neutral zone.
2:30 of 3rd period - Johnny Gaudreau is hit by Zack Kassian and loses puck.
2:55 of 3rd period - Kevin Hayes is hit by Corey Perry.
3:28 of 3rd period - Slapshot by Torey Krug.
3:28 of 3rd period - Deflect By Brett Maclean.
3:28 of 3rd period - Stopped by Tuukka Rask with a rebound.
3:30 of 3rd period - Snap shot by Kevin Hayes.
3:30 of 3rd period - Shot Blocked by Jamie McBain.
3:32 of 3rd period - Wrist shot by Victor Oreskovich.
3:32 of 3rd period - Shot Misses the Net.
3:56 of 3rd period - Slapshot by Jason Demers.
3:56 of 3rd period - Shot Misses the Net.
4:09 of 3rd period - Minor Penalty to Jason Demers for Tripping.
4:10 of 3rd period - Wojtek Wolski wins face-off versus Jordan Staal in Bruins zone.
5:23 of 3rd period - Adam Pelech is hit by Johnny Gaudreau and loses puck.
5:40 of 3rd period - Adam Pelech is hit by Antoine Roussel and loses puck.
5:59 of 3rd period - Torey Krug is hit by Jakob Silfverberg and loses puck.
6:09 of 3rd period - Penalty to Jason Demers is over, Jason Demers is back on ice.
7:19 of 3rd period - Off-side.
7:20 of 3rd period - Kevin Hayes wins face-off versus James Wright in neutral zone.
7:55 of 3rd period - Snap shot by Jordan Staal.
7:55 of 3rd period - Shot Misses the Net.
7:57 of 3rd period - Snap shot by Radko Gudas.
7:57 of 3rd period - Shot Misses the Net.
8:33 of 3rd period - Wrist shot by Brett Maclean.
8:33 of 3rd period - Deflect By Victor Oreskovich.
8:33 of 3rd period - Stopped by Kevin Poulin without a rebound.
8:34 of 3rd period - Kevin Hayes wins face-off versus Nick Bonino in Bruins zone.
8:57 of 3rd period - Snap shot by Brett Maclean.
8:57 of 3rd period - Shot Blocked by Kevin Hayes.
8:59 of 3rd period - Slapshot by Jay Bouwmeester.
8:59 of 3rd period - Deflect By Nick Bonino.
8:59 of 3rd period - Stopped by Kevin Poulin with a rebound.
9:03 of 3rd period - Snap shot by Nick Bonino.
9:03 of 3rd period - Stopped by Kevin Poulin without a rebound.
9:04 of 3rd period - Jonathan Toews wins face-off versus Jordan Staal in Bruins zone.
9:04 of 3rd period - Jonathan Toews is hit by Jay Bouwmeester.
9:18 of 3rd period - Snap shot by Zack Kassian.
9:18 of 3rd period - Shot Blocked by Jakob Silfverberg.
9:20 of 3rd period - Wrist shot by Zack Kassian.
9:20 of 3rd period - Stopped by Tuukka Rask without a rebound.
9:21 of 3rd period - Derek Roy wins face-off versus Kevin Hayes in Blackhawks zone.
9:23 of 3rd period - Minor Penalty to Corey Perry for Interference.
9:24 of 3rd period - Jonathan Toews wins face-off versus Jordan Staal in Blackhawks zone.
9:36 of 3rd period - Snap shot by Jonathan Toews.
9:36 of 3rd period - Shot Misses the Net.
9:38 of 3rd period - Wrist shot by Zack Kassian.
9:38 of 3rd period - Stopped by Tuukka Rask with a rebound.
9:40 of 3rd period - Slapshot by Torey Krug.
9:40 of 3rd period - Stopped by Tuukka Rask with a rebound.
9:56 of 3rd period - Jamie McBain is hit by Victor Oreskovich and loses puck.
10:58 of 3rd period - Icing by Zack Kassian.
10:59 of 3rd period - Derek Roy wins face-off versus Jonathan Toews in Bruins zone.
11:00 of 3rd period - Slapshot by Jamie McBain.
11:00 of 3rd period - Shot Blocked by Torey Krug.
11:23 of 3rd period - Penalty to Corey Perry is over, Corey Perry is back on ice.
11:56 of 3rd period - Snap shot by Casey Cizikas.
11:56 of 3rd period - Stopped by Tuukka Rask with a rebound.
12:08 of 3rd period - Madison Bowey is hit by Blake Wheeler.
12:34 of 3rd period - Slapshot by Kevin Hayes.
12:34 of 3rd period - Stopped by Tuukka Rask with a rebound.
12:36 of 3rd period - Snap shot by Jason Demers.
12:36 of 3rd period - Shot Misses the Net.
14:02 of 3rd period - Jakob Silfverberg is hit by Casey Cizikas and loses puck.
14:13 of 3rd period - Kevin Hayes is hit by Nick Bonino and loses puck.
14:24 of 3rd period - Minor Penalty to Colby Armstrong for Hooking.
14:25 of 3rd period - Jonathan Toews wins face-off versus Jordan Staal in Blackhawks zone.
14:42 of 3rd period - Slapshot by Zack Kassian.
14:42 of 3rd period - Deflect By Wojtek Wolski.
14:42 of 3rd period - Shot Misses the Net.
14:42 of 3rd period - Puck is out of play.
14:43 of 3rd period - Kevin Hayes wins face-off versus Jordan Staal in Blackhawks zone.
14:58 of 3rd period - Slapshot by Jason Demers.
14:58 of 3rd period - Deflect By Jamie McBain.
14:58 of 3rd period - Stopped by Tuukka Rask without a rebound.
14:59 of 3rd period - Jonathan Toews wins face-off versus Johnny Gaudreau in Blackhawks zone.
16:15 of 3rd period - Calvin de Haan is hit by Madison Bowey and loses puck.
16:24 of 3rd period - Penalty to Colby Armstrong is over, Colby Armstrong is back on ice.
16:40 of 3rd period - Slapshot by Jamie McBain.
16:40 of 3rd period - Shot Blocked by Casey Cizikas.
16:54 of 3rd period - James Wright is hit by Wojtek Wolski and loses puck.
17:04 of 3rd period - Icing by Jamie McBain.
17:05 of 3rd period - Mikael Backlund wins face-off versus James Wright in Blackhawks zone.
17:16 of 3rd period - Wrist shot by Matt Read.
17:16 of 3rd period - Stopped by Tuukka Rask with a rebound.
17:18 of 3rd period - Snap shot by Andrei Kostitsyn.
17:18 of 3rd period - Stopped by Tuukka Rask without a rebound.
17:19 of 3rd period - Jordan Staal wins face-off versus Jonathan Toews in Blackhawks zone.
17:19 of 3rd period - Jordan Staal is hit by Madison Bowey.
17:41 of 3rd period - Minor Penalty to Josh Manson for Holding.
17:42 of 3rd period - Jordan Staal wins face-off versus Zack Kassian in Bruins zone.
19:41 of 3rd period - Penalty to Josh Manson is over, Josh Manson is back on ice.
19:55 of 3rd period - Slapshot by Alexander Frolov.
19:55 of 3rd period - Shot Blocked by Jonathan Toews.
Goals for this period are 0 for Blackhawks vs 0 for Bruins.
Shots for this period are 4 for Blackhawks vs 10 for Bruins.